[Event "Titled Tuesday Blitz July 26 Early 2022"]
[White "Castaneda, Jhon David"]
[Black "Ernst, Sipke"]
[WhiteFideId "4405048"]
[BlackFideId "1004689"]
[WhiteElo "2152"]
[BlackElo "2436"]
[Result "1-0"]
[Round "02"]
[TimeControl "180+1"]
[Date "2022.07.27"]
[WhiteClock "0:00:17"]
[BlackClock "0:00:14"]

1. d4 d5 2. Nf3 e6 3. c4 a6 4. e3 Nf6 5. Nbd2 c5 6. dxc5 Bxc5 7. a3 Nc6 8. b4 Ba7 9. Bb2 O-O 10. Bd3 Qe7 11. Qb1 h6 12. O-O Rd8 13. Rd1 e5 14. cxd5 Nxd5 15. Nc4 Bg4 16. Bh7+ Kh8 17. Be4 Qe6 18. Rxd5 Rxd5 19. Bxd5 Qxd5 20. Nfxe5 Be6 21. Nxc6 Qxc6 22. Ne5 Qd5 23. Qd1 Rc8 24. Qxd5 Bxd5 25. Rc1 Rxc1+ 26. Bxc1 Kg8 27. f3 f6 28. Nd3 Kf7 29. Kf2 g5 30. Nc5 Ke7 31. e4 Bc6 32. Be3 Bb8 33. g3 Be5 34. Nd3 Bc3 35. Bc5+ Ke6 36. Ke3 h5 37. Bd4 Bxd4+ 38. Kxd4 b6 39. f4 f5 40. e5 g4 41. Nc1 Ba4 42. Ne2 Bc2 43. Nc3 Bb3 44. a4 a5 45. bxa5 bxa5 46. Kc5 Kd7 47. Kb5 Bc2 48. Kxa5 Kc6 49. Kb4 Bd3 50. a5 Ba6 51. Na4 Kd5 52. Nc5 Bc8 53. a6 1-0


[Site "https://www.chess.com"]

[Event "Titled Tuesday Blitz July 26 Early 2022"]
[White "Chen, Max"]
[Black "Nathan, Nitish"]
[WhiteFideId "2622440"]
[BlackFideId "30927870"]
[WhiteElo "2502"]
[BlackElo "2279"]
[Result "0-1"]
[Round "02"]
[TimeControl "180+1"]
[Date "2022.07.27"]
[WhiteClock "0:00:18"]
[BlackClock "0:00:15"]

1. e4 c5 2. c3 Nf6 3. e5 Nd5 4. d4 cxd4 5. Nf3 Nc6 6. cxd4 d6 7. Bc4 Nb6 8. Bb5 dxe5 9. Nxe5 Qd5 10. Bxc6+ bxc6 11. O-O e6 12. Nc3 Qd6 13. Bf4 Nd5 14. Bg3 Nxc3 15. bxc3 Qd8 16. Nxc6 Qb6 17. Ne5 Be7 18. Qa4+ Kf8 19. Rab1 Qa6 20. Qxa6 Bxa6 21. Rfc1 g6 22. c4 Kg7 23. Nc6 Bg5 24. Rc3 Rhc8 25. d5 Bf6 26. Rcc1 Bg5 27. f4 Bf6 28. Rb4 Rc7 29. f5 Rcc8 30. fxe6 fxe6 31. Ra4 Bb7 32. Na5 Bxd5 33. Re1 Bc3 34. Be5+ Bxe5 35. Rxe5 Bc6 36. Nxc6 Rxc6 37. Ra3 Kf6 38. Re4 a6 39. Rf3+ Kg7 40. Rfe3 Kf6 41. Kf2 Rac8 42. Rf3+ Kg7 43. Rc3 Kf6 44. Ke3 Rc5 45. Kd4 R5c6 46. c5 Rd8+ 47. Kc4 Rdc8 48. Kb4 Rb8+ 49. Ka4 Rb5 50. Rec4 Ke5 51. Rc1 Kd5 52. R4c2 Rbxc5 53. Rd2+ Ke5 54. Re1+ Kf6 55. Rf2+ Ke7 56. Rfe2 Rb5 57. Re4 Kf6 58. Rf1+ Ke7 59. Rfe1 Kd6 60. Rd1+ Rd5 61. Rde1 e5 62. Rf1 Ke7 63. Rfe1 Ke6 64. R1e2 Rcd6 65. Kb3 Rc6 66. Ka4 Rb5 67. R4e3 Kf5 68. Ka3 Rc4 69. Rf2+ Rf4 70. Rfe2 Rc4 71. Rf2+ Ke6 72. Rfe2 Rcc5 73. Ka4 Ra5+ 74. Kb3 Rcb5+ 75. Kc4 Ra4+ 76. Kc3 Ra3+ 77. Kc4 Rxe3 78. Rxe3 Ra5 79. Re2 Ra4+ 80. Kb3 Ra5 81. Kb4 Rb5+ 82. Kc4 Kf5 83. a4 Rb8 84. Kd5 Rd8+ 85. Kc6 e4 86. Kb6 Rd6+ 87. Kc5 Re6 88. Kd5 Re8 89. Rf2+ Kg4 90. Kd4 e3 91. Re2 Kf4 92. a5 Re4+ 93. Kd3 Re5 94. Re1 Rd5+ 95. Kc4 Rxa5 96. Kd3 Ra3+ 97. Kd4 Ra4+ 98. Kd3 Ra2 99. Kd4 Rxg2 100. Rxe3 Rd2+ 101. Rd3 Rxd3+ 102. Kxd3 Kf3 103. Kc3 Kg2 104. Kb4 Kxh2 105. Ka5 Kg3 106. Kxa6 h5 107. Kb6 h4 108. Kc5 h3 109. Kd5 h2 110. Ke5 h1=Q 111. Kf6 Qd5 112. Kxg6 Kg4 113. Kh6 Qe5 114. Kh7 Qf6 115. Kg8 Qe7 116. Kh8 Kg5 117. Kg8 Kg6 118. Kh8 Qh7# 0-1


[Site "https://www.chess.com"]

[Event "Titled Tuesday Blitz July 26 Early 2022"]
[White "Dimitrov, Atanas"]
[Black "Timofeev, Artyom"]
[WhiteFideId "2901315"]
[BlackFideId "4140419"]
[WhiteElo "2556"]
[BlackElo "2578"]
[Result "1-0"]
[Round "02"]
[TimeControl "180+1"]
[Date "2022.07.26"]
[WhiteClock "0:00:08"]
[BlackClock "0:00:10"]

1. Nf3 d5 2. c4 e6 3. b3 c5 4. cxd5 exd5 5. e3 Nf6 6. Bb2 Nc6 7. Be2 Bd6 8. O-O O-O 9. d4 Bg4 10. dxc5 Bxc5 11. Nc3 a6 12. h3 Bh5 13. Rc1 Qd6 14. Na4 Ba7 15. Nd4 Bxd4 16. Bxd4 Bxe2 17. Qxe2 Nxd4 18. exd4 Rfe8 19. Qd3 h5 20. Rfe1 h4 21. Nc5 Re7 22. Rxe7 Qxe7 23. Qd2 Re8 24. Qf4 Ne4 25. Nd3 Qf6 26. Qxf6 Nxf6 27. Ne5 Re7 28. f3 Nh5 29. Kf2 Nf4 30. Rc2 f6 31. Ng4 Nd3+ 32. Kg1 Re1+ 33. Kh2 Nf4 34. g3 Ne6 35. Rd2 Ng5 36. Kg2 hxg3 37. Kxg3 Rg1+ 38. Kf2 Nxh3+ 39. Ke3 Re1+ 40. Kd3 Nf4+ 41. Kc2 Kf7 42. Kc3 Rc1+ 43. Kb4 g5 44. Ne3 Ke6 45. Rh2 Nd3+ 46. Ka3 Re1 47. Ng4 Rf1 48. Rh3 Nf4 49. Rh7 Rxf3 50. Rxb7 Ne2 51. Rb6+ Ke7 52. Rxa6 Nxd4 53. Ra5 Ke6 54. Ra6+ Ke7 55. Ra7+ Ke6 56. Ra6+ Kf7 57. Ra5 Rg3 58. Nf2 Nc2+ 59. Kb2 Ne3 60. Ra7+ Kg6 61. Nd3 Nf5 62. Nb4 d4 63. Rd7 g4 64. a4 Rg2+ 65. Ka3 Rh2 66. a5 Rh8 67. Nd3 Kg5 68. b4 g3 69. Ne1 Kf4 70. a6 Ke3 71. b5 Kf2 72. Nd3+ Ke3 73. Ne1 Ke2 74. Ng2 Kf3 75. Ne1+ Ke2 76. Ng2 d3 77. b6 d2 78. a7 d1=Q 79. Rxd1 Kxd1 80. b7 Nd4 81. b8=Q Rxb8 82. axb8=Q Ke2 83. Qxg3 Nf5 84. Qf4 Ne7 85. Qxf6 Nd5 86. Qe5+ Kf3 87. Qxd5+ Kf2 88. Nf4 Kf1 89. Qd2 Kg1 90. Qg2# 1-0


[Site "https://www.chess.com"]

[Event "Titled Tuesday Blitz July 26 Early 2022"]
[White "Fecker, Noah"]
[Black "Zierk, Steven"]
[WhiteFideId "1334263"]
[BlackFideId "2034255"]
[WhiteElo "2312"]
[BlackElo "2494"]
[Result "0-1"]
[Round "02"]
[TimeControl "180+1"]
[Date "2022.07.26"]
[WhiteClock "0:00:12"]
[BlackClock "0:00:57"]

1. d4 Nf6 2. Nc3 d5 3. Bg5 Nbd7 4. f3 c5 5. dxc5 e6 6. e4 dxe4 7. Nxe4 Qc7 8. Nd6+ Bxd6 9. cxd6 Qc5 10. Qd2 Qe5+ 11. Ne2 Qxb2 12. Rd1 Qxa2 13. Nc3 Qa5 14. Be2 h6 15. Be3 O-O 16. O-O b6 17. Ra1 Qh5 18. f4 Qg6 19. Bf3 Rb8 20. Rxa7 e5 21. Nd5 Nxd5 22. Bxd5 e4 23. c4 Nf6 24. f5 Bxf5 25. Bf4 b5 26. c5 Rbc8 27. c6 e3 28. Bxe3 Nxd5 29. Qxd5 Be4 30. Qa2 Rxc6 31. Rc1 Rxd6 32. Bc5 Rc8 33. Qf2 Rxc5 0-1


[Site "https://www.chess.com"]

[Event "Titled Tuesday Blitz July 26 Early 2022"]
[White "Flynn, Jacob"]
[Black "Srihari L R"]
[WhiteFideId "2509393"]
[BlackFideId "46617116"]
[WhiteElo "1900"]
[BlackElo "2170"]
[Result "0-1"]
[Round "02"]
[TimeControl "180+1"]
[Date "2022.07.27"]
[WhiteClock "0:00:11"]
[BlackClock "0:00:12"]

1. d4 Nf6 2. c4 e6 3. Nc3 d5 4. cxd5 exd5 5. Bg5 c6 6. Qc2 Be7 7. e3 Nbd7 8. Bd3 O-O 9. Nf3 Re8 10. h3 Nf8 11. Bf4 Ng6 12. Bh2 Bd6 13. Bxd6 Qxd6 14. O-O-O b5 15. Kb1 b4 16. Na4 Ne4 17. Bxe4 dxe4 18. Nd2 Qd5 19. Nc5 f5 20. h4 Nf8 21. Nc4 Rb8 22. Ne5 Ne6 23. Nxe6 Bxe6 24. b3 Rec8 25. Nc4 c5 26. dxc5 Qxc5 27. Rd4 a5 28. Rhd1 a4 29. Qd2 axb3 30. axb3 Qa7 31. Rd6 Ra8 32. Qb2 Bxc4 33. bxc4 b3 34. Rd7 Qa2+ 35. Qxa2 bxa2+ 36. Ka1 Rxc4 37. Rd8+ Rxd8 38. Rxd8+ Kf7 39. Rd2 Ra4 40. Rxa2 Rxa2+ 41. Kxa2 Kg6 42. Kb2 Kh5 43. Kc3 Kxh4 44. Kd4 Kg4 45. Ke5 h5 46. Ke6 f4 47. Ke5 f3 48. g3 g5 49. Kxe4 h4 50. gxh4 gxh4 51. Kd5 h3 52. e4 h2 53. e5 h1=Q 54. e6 Qd1+ 55. Kc6 Qc2+ 56. Kd7 Qxf2 57. e7 Qd4+ 0-1


[Site "https://www.chess.com"]

[Event "Titled Tuesday Blitz July 26 Early 2022"]
[White "Goltsev, Dmitry"]
[Black "Di Nicolantonio, Lucas"]
[WhiteFideId "24176710"]
[BlackFideId "680460"]
[WhiteElo "2258"]
[BlackElo "2381"]
[Result "1-0"]
[Round "02"]
[TimeControl "180+1"]
[Date "2022.07.27"]
[WhiteClock "0:00:05"]
[BlackClock "0:00:01"]

1. e4 g6 2. d4 Bg7 3. Nf3 d6 4. c4 e5 5. dxe5 dxe5 6. Qxd8+ Kxd8 7. Nc3 Nc6 8. Be3 Bd7 9. O-O-O Kc8 10. Ng5 Nh6 11. f3 f6 12. Nh3 Nf7 13. c5 Be6 14. Nd5 Re8 15. a3 a5 16. Bb5 a4 17. Nf2 Ra5 18. Bc4 f5 19. Nd3 Nd4 20. Bd2 Ra8 21. Bb4 Nd8 22. Rhe1 N8c6 23. Bc3 Na5 24. Ba2 Nab3+ 25. Kb1 fxe4 26. fxe4 Bg4 27. Rd2 Nxd2+ 28. Bxd2 Nb3 29. Bc3 Ra6 30. Kc2 Be6 31. N3b4 Ra5 32. Nd3 Rb5 33. Bxb3 axb3+ 34. Kd1 c6 35. Nb6+ Kc7 36. a4 Rxb6 37. cxb6+ Kxb6 38. a5+ Ka7 39. Nc5 Bc4 40. Kc1 Bh6+ 41. Kb1 Rf8 42. Bxe5 Ka8 43. Bd4 Rd8 44. Bg1 Rd2 45. Rc1 Bf7 46. Rf1 1-0


[Site "https://www.chess.com"]

[Event "Titled Tuesday Blitz July 26 Early 2022"]
[White "Goltseva, Ekaterina"]
[Black "Hafiz, Arif Abdul"]
[WhiteFideId "24173770"]
[BlackFideId "7104227"]
[WhiteElo "2086"]
[BlackElo "2198"]
[Result "0-1"]
[Round "02"]
[TimeControl "180+1"]
[Date "2022.07.27"]
[WhiteClock "0:00:14"]
[BlackClock "0:00:27"]

1. d4 Nc6 2. Nf3 d5 3. g3 Bf5 4. Bg2 Qd7 5. a3 Bh3 6. Bxh3 Qxh3 7. b4 Nf6 8. b5 Na5 9. Nbd2 Ne4 10. Nxe4 dxe4 11. Ng5 Qg2 12. Rf1 h6 13. Nxf7 Kxf7 14. c4 e6 15. Qa4 b6 16. Be3 Be7 17. f3 Bf6 18. Qc2 exf3 19. Rxf3 Qh1+ 20. Rf1 Qxh2 21. Bf4 Rhf8 22. O-O-O Kg8 23. Qe4 Qh3 24. d5 Rae8 25. d6 cxd6 26. Bxd6 Bb2+ 27. Kxb2 Rxf1 28. Rd3 Qf5 29. Qd4 Qf6 30. Be5 Qxe5 31. Qxe5 Nxc4+ 32. Kc3 Nxe5 33. Re3 Rc8+ 34. Kd4 Ng4 35. Rxe6 Rd1+ 36. Ke4 Rc4+ 37. Kf3 Rf1+ 38. Kg2 Rf2+ 39. Kh3 Rh2# 0-1


[Site "https://www.chess.com"]

[Event "Titled Tuesday Blitz July 26 Early 2022"]
[White "Golubev, Mikhail"]
[Black "Pakleza, Zbigniew"]
[WhiteFideId "14100983"]
[BlackFideId "1119290"]
[WhiteElo "2374"]
[BlackElo "2467"]
[Result "0-1"]
[Round "02"]
[TimeControl "180+1"]
[Date "2022.07.26"]
[WhiteClock "0:00:01"]
[BlackClock "0:00:29"]

1. e4 d6 2. d4 Nf6 3. Nc3 c6 4. f4 Qb6 5. h3 e5 6. Nf3 Nbd7 7. Bc4 exd4 8. Qxd4 d5 9. Qxb6 Nxb6 10. Bd3 dxe4 11. Nxe4 Nxe4 12. Bxe4 Bc5 13. Bd2 Nc4 14. O-O-O Nxd2 15. Kxd2 O-O 16. c3 h6 17. Kc2 Be6 18. f5 Bc4 19. b3 Ba6 20. Bd3 Bxd3+ 21. Rxd3 a5 22. Re1 Rfe8 23. Rxe8+ Rxe8 24. Kd2 Re7 25. g4 g6 26. f6 Re6 27. Rd8+ Bf8 28. g5 hxg5 29. Nxg5 Rxf6 30. Ne4 Rf5 31. Ke3 Kg7 32. Rd7 b5 33. h4 Rh5 34. Ng5 Rxh4 0-1


[Site "https://www.chess.com"]

[Event "Titled Tuesday Blitz July 26 Early 2022"]
[White "Guimaraes, Wagner Peixoto"]
[Black "Melikyan, Gnel"]
[WhiteFideId "2100940"]
[BlackFideId "54109990"]
[WhiteElo "2231"]
[BlackElo "1772"]
[Result "0-1"]
[Round "02"]
[TimeControl "180+1"]
[Date "2022.07.27"]
[WhiteClock "0:00:01"]
[BlackClock "0:00:05"]

1. d4 d5 2. Nf3 Nf6 3. c3 Bf5 4. Qb3 Qc8 5. Bf4 e6 6. Nbd2 Bd6 7. Bxd6 cxd6 8. e3 O-O 9. h3 h6 10. Be2 a6 11. O-O Nc6 12. Qa3 Qc7 13. c4 dxc4 14. Nxc4 Rfd8 15. Rac1 Rac8 16. b4 Nd5 17. Na5 Ndxb4 18. Nxc6 Nxc6 19. Rc3 Qa5 20. Qxa5 Nxa5 21. Ra3 Nc4 22. Rb3 b5 23. Rb4 d5 24. a4 bxa4 25. Rxa4 Rd6 26. Rfa1 Rcc6 27. Ne5 Nxe5 28. dxe5 Rd8 29. Rxa6 Rxa6 30. Rxa6 Kh7 31. g4 Bg6 32. f4 Rc8 33. Ra2 Rc1+ 34. Kf2 Rh1 35. Kg3 Be4 36. h4 Rg1+ 37. Kf2 Rg2+ 38. Kf1 Rh2 39. Kg1 Rxh4 40. g5 hxg5 41. fxg5 Kg6 42. Kf2 Rh2+ 43. Kg1 Rg2+ 44. Kf1 Rxg5 45. Ra7 Rxe5 46. Ke1 Rf5 47. Kd2 Kf6 48. Bg4 Rg5 49. Be2 Rg2 50. Ke1 g5 51. Ra8 Bg6 52. Ra7 g4 53. Kf1 Rg3 54. Kf2 Rh3 55. Bxg4 Rh2+ 56. Kg3 Rc2 57. Kf3 Rc4 58. Bh3 d4 59. exd4 Rxd4 60. Kg3 Rd3+ 61. Kh2 Kg5 62. Ra5+ f5 63. Ra6 e5 64. Ra1 e4 65. Rg1+ Kf6 66. Ra1 Bh5 67. Bf1 Rf3 68. Kg2 Kg5 69. Ra7 Rc3 0-1


[Site "https://www.chess.com"]

[Event "Titled Tuesday Blitz July 26 Early 2022"]
[White "Kamsky, Gata"]
[Black "Vachylia, Andrii"]
[WhiteFideId "2000024"]
[BlackFideId "14137224"]
[WhiteElo "2645"]
[BlackElo "2318"]
[Result "1-0"]
[Round "02"]
[TimeControl "180+1"]
[Date "2022.07.26"]
[WhiteClock "0:02:19"]
[BlackClock "0:01:39"]

1. d4 Nf6 2. Bf4 e6 3. e3 c5 4. c3 cxd4 5. exd4 b6 6. Nd2 Bb7 7. Ngf3 d6 8. h3 Be7 9. a4 a6 10. Bh2 O-O 11. Be2 Nbd7 12. O-O Qc7 13. Re1 Rfe8 14. c4 Bc6 15. b4 h6 16. Bf1 Bf8 17. a5 bxa5 18. Rxa5 Qb7 19. Qa1 Qxb4 20. Rb1 Qxb1 1-0


[Site "https://www.chess.com"]

[Event "Titled Tuesday Blitz July 26 Early 2022"]
[White "Kovacevic, Radmila"]
[Black "Howell, David W L"]
[WhiteFideId "933171"]
[BlackFideId "410608"]
[WhiteElo "2157"]
[BlackElo "2559"]
[Result "0-1"]
[Round "02"]
[TimeControl "180+1"]
[Date "2022.07.27"]
[WhiteClock "0:00:02"]
[BlackClock "0:00:07"]

1. e4 c5 2. Nf3 Nc6 3. c3 d5 4. exd5 Qxd5 5. d4 Nf6 6. Na3 cxd4 7. Nb5 Qd8 8. Nbxd4 Bd7 9. Bb5 Nxd4 10. Bxd7+ Qxd7 11. cxd4 e6 12. O-O Be7 13. h3 O-O 14. Bg5 Rac8 15. Rc1 Qb5 16. Rxc8 Rxc8 17. Qb1 h6 18. Rc1 Rxc1+ 19. Bxc1 Qc4 20. Be3 Nd5 21. Qc1 Qxc1+ 22. Bxc1 Nb4 23. Bd2 Nxa2 24. Ne5 Nb4 25. Bxb4 Bxb4 26. Nd3 Bd6 27. f4 Kf8 28. Kf2 Ke7 29. Ke3 Kd7 30. Ke4 f5+ 31. Ke3 Kc6 32. g4 Kd5 33. b3 a5 34. Nb2 b5 35. Nd1 g6 36. Nc3+ Kc6 37. Ne2 a4 38. bxa4 bxa4 39. Kd3 Kb5 40. Kc3 fxg4 41. hxg4 h5 42. d5 exd5 43. gxh5 gxh5 44. Kd4 a3 45. Kxd5 Bxf4 46. Ke4 Bd2 47. Nd4+ Kc4 48. Nc2 a2 0-1


[Site "https://www.chess.com"]

[Event "Titled Tuesday Blitz July 26 Early 2022"]
[White "Kozak, Adam"]
[Black "Abdyzhapar, Asylbek"]
[WhiteFideId "753246"]
[BlackFideId "13800337"]
[WhiteElo "2459"]
[BlackElo "2323"]
[Result "1-0"]
[Round "02"]
[TimeControl "180+1"]
[Date "2022.07.26"]
[WhiteClock "0:00:34"]
[BlackClock "0:01:12"]

1. d4 Nf6 2. c4 c6 3. Nc3 d5 4. e3 Bf5 5. cxd5 cxd5 6. Qb3 Nc6 7. Qxb7 Bd7 8. Qb3 Rb8 9. Qd1 e5 10. dxe5 Nxe5 11. Nf3 Bd6 12. Be2 O-O 13. O-O Qc7 14. h3 Rfd8 15. Nd4 Nc4 16. b3 Nxe3 17. Bxe3 Qxc3 18. Rc1 Qa5 19. Bg5 Be7 20. Bd3 h6 21. Bh4 Qxa2 22. Re1 Qa3 23. Ra1 Qc5 24. Rc1 Qb4 25. Ra1 Kf8 26. Bc2 Bc5 27. Bxf6 gxf6 28. Qh5 Qd2 29. Re3 Be6 30. Rd1 Qxd4 31. Rxd4 Bxd4 32. Qxh6+ Ke7 33. Re2 Be5 34. Qh4 d4 35. Rxe5 d3 36. Bd1 d2 37. Ra5 Rb7 38. Qf4 Rdd7 39. Ra2 Rbc7 40. Rxd2 1-0


[Site "https://www.chess.com"]

[Event "Titled Tuesday Blitz July 26 Early 2022"]
[White "Kravtsiv, Martyn"]
[Black "Rostomyan, Mikayel"]
[WhiteFideId "14113147"]
[BlackFideId "13313754"]
[WhiteElo "2694"]
[BlackElo "1201"]
[Result "1-0"]
[Round "02"]
[TimeControl "180+1"]
[Date "2022.07.26"]
[WhiteClock "0:01:18"]
[BlackClock "0:00:13"]

1. e4 c5 2. Nf3 Nc6 3. d4 cxd4 4. Nxd4 g6 5. Nc3 Bg7 6. Be3 Nf6 7. Bc4 O-O 8. Bb3 d5 9. exd5 Na5 10. O-O Nxb3 11. Nxb3 a6 12. a4 b6 13. d6 exd6 14. Qf3 Rb8 15. h3 Bb7 16. Qe2 Re8 17. Rad1 Qc7 18. Nd4 Nh5 19. Qg4 f5 20. Qh4 h6 21. Nxf5 Qc6 22. Nd5 gxf5 23. Qxh5 Qxc2 24. Bxh6 Qxb2 25. Bxg7 Qxg7 26. Rd3 Bxd5 27. Rg3 Qxg3 28. fxg3 Re2 29. Qxe2 1-0


[Site "https://www.chess.com"]

[Event "Titled Tuesday Blitz July 26 Early 2022"]
[White "Kucuksari, Kaan"]
[Black "Ibarra Jerez, Jose Carlos"]
[WhiteFideId "6380166"]
[BlackFideId "2226332"]
[WhiteElo "2305"]
[BlackElo "2628"]
[Result "0-1"]
[Round "02"]
[TimeControl "180+1"]
[Date "2022.07.26"]
[WhiteClock "0:00:02"]
[BlackClock "0:00:44"]

1. d4 Nf6 2. c4 d6 3. Nf3 g6 4. Nc3 Bf5 5. Qb3 b6 6. g3 Bg7 7. Bg2 Nc6 8. O-O O-O 9. Qd1 Ne4 10. Nh4 Nxc3 11. bxc3 Bd7 12. Nf3 Na5 13. Nd2 Rc8 14. Bb2 c5 15. Rc1 Qc7 16. Re1 Be6 17. d5 Bd7 18. e4 e5 19. Bf1 Bh6 20. Rc2 Ba4 21. Nb3 Nxb3 22. Rce2 Nd4 23. Qxa4 Nf3+ 24. Kg2 Nxe1+ 25. Rxe1 f5 26. f3 Rf7 27. Bd3 Rcf8 28. Bc1 Bxc1 29. Rxc1 Kg7 30. Qd1 a6 31. a4 fxe4 32. Bxe4 Rb8 33. Rb1 Qd8 34. Rb2 Qe8 35. Qb1 Rfb7 36. h4 Qxa4 37. h5 Qe8 38. Bd3 b5 39. cxb5 axb5 40. Ra2 c4 41. Be4 b4 42. cxb4 Rxb4 43. Ra7+ Kg8 44. Qc1 Rb2+ 45. Kh3 R2b7 46. Rxb7 Rxb7 47. hxg6 hxg6 48. Qxc4 Kg7 49. Qa6 Qd7+ 50. g4 Rb8 51. Qa1 Qe7 52. Kg2 Rh8 53. Kf2 Qh4+ 54. Ke3 Qg5+ 55. Kd3 Rh2 56. Qa7+ Kh6 57. Qa3 Qd2+ 58. Kc4 Qd4+ 59. Kb5 Rb2+ 60. Kc6 Qb6+ 61. Kd7 Qb8 62. Ke6 Qe8+ 63. Kxd6 Qf8+ 0-1


[Site "https://www.chess.com"]

[Event "Titled Tuesday Blitz July 26 Early 2022"]
[White "Kupervaser, Erez"]
[Black "Csonka, Balazs"]
[WhiteFideId "2814587"]
[BlackFideId "742910"]
[WhiteElo "1832"]
[BlackElo "2404"]
[Result "1-0"]
[Round "02"]
[TimeControl "180+1"]
[Date "2022.07.27"]
[WhiteClock "0:00:31"]
[BlackClock "0:00:01"]

1. e4 e5 2. Nf3 Nc6 3. d4 exd4 4. Nxd4 Bb4+ 5. c3 Bc5 6. Be3 Bb6 7. Nf5 Bxe3 8. Nxe3 Nf6 9. f3 O-O 10. c4 Nxe4 11. fxe4 Qh4+ 12. Kd2 Qxe4 13. Nd5 d6 14. Nbc3 Qe5 15. Bd3 Qg5+ 16. Kc2 Qxg2+ 17. Kb1 Bg4 18. Rg1 Bxd1 19. Rxg2 Bf3 20. Rg3 Bxd5 21. Nxd5 f5 22. Nxc7 Rac8 23. Nb5 Rcd8 24. Kc2 f4 25. Rh3 g6 26. Rf1 Ne5 27. Be4 Kg7 28. Nd4 Rde8 29. Bd5 Rf6 30. Rb3 b6 31. Ra3 Re7 32. h4 Ng4 33. Ne6+ Rfxe6 34. Bxe6 Rxe6 35. Rxa7+ Kh6 36. Rxf4 Ne3+ 37. Kc3 Nf5 38. Ra6 Kh5 39. Rxb6 Nxh4 40. a4 Kg5 41. Rf7 Nf5 42. a5 Re3+ 43. Kb4 Nd4 44. Rxd6 Rb3+ 45. Kc5 Nf5 46. Rb6 Re3 47. a6 Re5+ 48. Kb4 Re8 49. a7 Nd6 50. Rb8 Re6 51. Rd7 1-0


[Site "https://www.chess.com"]

[Event "Titled Tuesday Blitz July 26 Early 2022"]
[White "Ladron De Guevara Pinto, Paolo"]
[Black "Rustemov, Alexander"]
[WhiteFideId "2290847"]
[BlackFideId "4119002"]
[WhiteElo "2423"]
[BlackElo "2816"]
[Result "0-1"]
[Round "02"]
[TimeControl "180+1"]
[Date "2022.07.26"]
[WhiteClock "0:00:14"]
[BlackClock "0:00:23"]

1. e4 e6 2. d4 d5 3. Nd2 dxe4 4. Nxe4 Bd7 5. Nf3 Bc6 6. Bd3 Nd7 7. Qe2 Ngf6 8. Nxf6+ Nxf6 9. Bg5 Bxf3 10. Qxf3 Qd5 11. Qxd5 Nxd5 12. c3 Be7 13. Bd2 c6 14. O-O h5 15. a3 Rd8 16. Rfd1 Bf6 17. Be2 g6 18. Bf3 Kd7 19. c4 Nb6 20. b3 Kc8 21. Be3 Rd7 22. Ra2 Rhd8 23. Rad2 Be7 24. a4 Bb4 25. Rd3 a5 26. g3 Na8 27. Bg5 Be7 28. Bxe7 Rxe7 29. d5 Red7 30. dxc6 bxc6 31. Rxd7 Rxd7 32. Re1 Kc7 33. Re3 Kb6 34. Kg2 Nc7 35. h4 Na6 36. g4 hxg4 37. Bxg4 Nc5 38. Be2 Rd4 39. Kh3 Re4 40. Rxe4 Nxe4 41. f3 Nc5 42. Bd1 f5 43. Kg3 e5 44. f4 e4 45. Kf2 Ne6 46. Ke3 c5 47. h5 gxh5 48. Bxh5 Nd4 49. Bg6 Kc6 50. Bh7 Kd6 51. Kd2 Ke6 52. Ke3 Nxb3 0-1


[Site "https://www.chess.com"]

[Event "Titled Tuesday Blitz July 26 Early 2022"]
[White "Le, Tuan Minh"]
[Black "Tica, Sven"]
[WhiteFideId "12401153"]
[BlackFideId "14526948"]
[WhiteElo "2530"]
[BlackElo "2346"]
[Result "1-0"]
[Round "02"]
[TimeControl "180+1"]
[Date "2022.07.26"]
[WhiteClock "0:00:15"]
[BlackClock "0:00:29"]

1. d4 g6 2. e4 Bg7 3. Bc4 a6 4. c3 d6 5. Nf3 e6 6. Bb3 Ne7 7. O-O Nd7 8. Re1 b6 9. Nbd2 Bb7 10. Nf1 h6 11. Ng3 O-O 12. Bf4 e5 13. Be3 Kh8 14. Qd2 Kh7 15. Rad1 f5 16. exf5 Nxf5 17. d5 Nxg3 18. hxg3 Nf6 19. Nh4 Ng4 20. Bc2 Rf6 21. Qd3 Qe8 22. Qe4 Bc8 23. Rf1 Qf7 24. Rde1 Bd7 25. Bd2 Rxf2 26. Qxg6+ Kg8 27. Qh7+ Kf8 28. Bg6 Qf6 29. Bh5 Bb5 30. Ng6+ Ke8 31. Nxe5+ Kd8 32. Qg8+ Qf8 33. Qxf8+ Bxf8 34. Rxf2 Nxf2 35. Nf7+ 1-0


[Site "https://www.chess.com"]

[Event "Titled Tuesday Blitz July 26 Early 2022"]
[White "Lewtak, Damian"]
[Black "Maksimovic, Bojan"]
[WhiteFideId "1141724"]
[BlackFideId "14408120"]
[WhiteElo "2359"]
[BlackElo "2453"]
[Result "0-1"]
[Round "02"]
[TimeControl "180+1"]
[Date "2022.07.26"]
[WhiteClock "0:00:30"]
[BlackClock "0:00:41"]

1. e4 c5 2. Nf3 Nc6 3. Bb5 e6 4. Bxc6 bxc6 5. d3 Ne7 6. Qe2 Ng6 7. h4 h5 8. e5 f6 9. Nc3 Qc7 10. exf6 gxf6 11. Qe4 Kf7 12. Bd2 d5 13. Qa4 Rb8 14. b3 Rb4 15. Qa3 Rg4 16. Ne2 Rxg2 17. O-O-O Rxf2 18. Rdf1 Rxe2 19. Rhg1 e5 20. Ba5 Qd7 21. Kd1 Nf4 22. Bd2 c4 23. Qc1 cxd3 24. cxd3 Rxd2+ 25. Qxd2 Bh6 26. Qf2 Ba6 27. Qg3 Qg4 28. Qf2 Qd7 29. Qg3 Ke7 30. Re1 Bxd3 31. Nxe5 fxe5 32. Rxe5+ Kd8 33. Re3 Qg4+ 34. Qxg4 hxg4 35. Rxg4 Be4 36. Reg3 Ke7 37. Rg8 Rxg8 38. Rxg8 d4 39. Ra8 Nd5 40. Rxa7+ Kf6 41. Rd7 Nc3+ 42. Ke1 d3 43. Rd6+ Kg7 44. a4 d2+ 45. Rxd2 Bxd2+ 46. Kxd2 Nd5 47. a5 Nb4 48. Kc3 Na6 49. b4 Bg2 50. Kc4 Bf1+ 51. Kd4 Bb5 52. Kc3 Kg6 53. Kd4 Kh5 54. Ke4 Kxh4 55. Ke5 Nxb4 56. Kd6 Na6 57. Kd7 Kg5 58. Kc8 Kg4 59. Kb7 Kg3 60. Ka7 Kg2 61. Kb7 Kg1 62. Kc8 Kh1 63. Kb7 Kh2 64. Kc8 Kh3 65. Kd7 Kh4 66. Ke6 Kh5 67. Ke5 Kh6 68. Kd4 Kg6 69. Kc3 Kg5 70. Kb3 Kf5 71. Kc3 Kf4 72. Kd4 Kf5 73. Ke3 Ke5 74. Kd2 Kd5 75. Kc3 Kc5 76. Kb3 Kd4 77. Ka3 Kc4 78. Kb2 Kb4 79. Ka2 c5 80. Kb2 Kxa5 81. Ka2 Kb4 82. Kb2 c4 83. Ka2 c3 84. Kb1 Kb3 85. Ka1 Nb4 86. Kb1 c2+ 87. Kc1 Na2+ 88. Kd2 c1=Q# 0-1


[Site "https://www.chess.com"]

[Event "Titled Tuesday Blitz July 26 Early 2022"]
[White "Maksimenko, Viktor"]
[Black "Svane, Frederik"]
[WhiteFideId "13710478"]
[BlackFideId "12923044"]
[WhiteElo "2269"]
[BlackElo "2459"]
[Result "0-1"]
[Round "02"]
[TimeControl "180+1"]
[Date "2022.07.26"]
[WhiteClock "0:00:03"]
[BlackClock "0:00:15"]

1. d4 Nf6 2. c4 e6 3. Nf3 d5 4. g3 Bb4+ 5. Bd2 Be7 6. Bg2 O-O 7. O-O c6 8. Qb3 a5 9. Rc1 a4 10. Qd1 Nbd7 11. Na3 b6 12. e3 Bb7 13. Be1 Qb8 14. Qe2 Rd8 15. Nd2 c5 16. Nb5 dxc4 17. Nxc4 Bxg2 18. Kxg2 Nd5 19. e4 N5f6 20. Bc3 cxd4 21. Bxd4 Nc5 22. f3 Qb7 23. Rd1 Ne8 24. Rac1 Qa6 25. Ne5 Rac8 26. Nc3 Qb7 27. Rc2 Bf6 28. Qf2 Na6 29. Rcd2 b5 30. a3 h6 31. g4 Qb8 32. f4 Nd6 33. Qf3 Qb7 34. h4 Qa8 35. g5 hxg5 36. hxg5 Bxe5 37. Bxe5 Nc4 38. Rxd8+ Rxd8 39. Rxd8+ Qxd8 40. Nxb5 Nxe5 41. fxe5 Qxg5+ 42. Kh3 Qxe5 43. Nc3 Nc5 44. Qe3 g5 45. Kg4 f6 46. Kh5 Kg7 47. Qd2 Qg3 48. Qe3 Qh4# 0-1


[Site "https://www.chess.com"]

[Event "Titled Tuesday Blitz July 26 Early 2022"]
[White "Martinez Alcantara, Jose Eduardo"]
[Black "Bressac, Stephane"]
[WhiteFideId "3805662"]
[BlackFideId "655945"]
[WhiteElo "2703"]
[BlackElo "2321"]
[Result "1-0"]
[Round "02"]
[TimeControl "180+1"]
[Date "2022.07.26"]
[WhiteClock "0:00:32"]
[BlackClock "0:00:03"]

1. e4 d6 2. d4 Nf6 3. Bd3 e5 4. Nf3 Nbd7 5. c3 Be7 6. O-O O-O 7. h3 c6 8. Re1 Qc7 9. a4 b6 10. Bg5 a6 11. Nbd2 Bb7 12. Nf1 Rfe8 13. Ng3 g6 14. Qd2 Rad8 15. Qc2 d5 16. exd5 Nxd5 17. Bxe7 Rxe7 18. Bc4 Rde8 19. Bxd5 cxd5 20. dxe5 Nxe5 21. Nd4 Nc4 22. Rxe7 Qxe7 23. Rd1 h5 24. b3 h4 25. Nf1 Nd6 26. f3 Bc8 27. Qf2 b5 28. a5 Nf5 29. b4 Nd6 30. Nc2 Bb7 31. Re1 Qd8 32. Rxe8+ Nxe8 33. Qd4 Qd6 34. Qxh4 Nc7 35. Nd4 Ne6 36. Qf6 Bc8 37. Ne3 Qd7 38. Ng4 Nxd4 39. Qxd4 f5 40. Nf6+ 1-0


[Site "https://www.chess.com"]